 Dungeon Crawl Stone Soup version 0.29.0-5-ge4962eb29e (webtiles) character file.

Game seed: 9516709050709058833

506 ProzacElf the Sneak (level 7, -6/55 HPs)
             Began as a Naga Hedge Wizard on Aug 29, 2022.
             Was a Believer of Fedhas.
             Mangled by an ogre
             ... wielding a +0 giant club
              (20 damage)
             ... on level 5 of the Dungeon.
             The game lasted 00:14:19 (5204 turns).

ProzacElf the Sneak (Naga Hedge Wizard)             Turns: 5204, Time: 00:14:19

Health: -6/55      AC:  8    Str: 13    XL:     7   Next: 18%
Magic:  11/11      EV:  8    Int: 14    God:    Fedhas [**....]
Gold:   267        SH:  0    Dex: 12    Spells: 3/12 levels left

rFire   . . .      SeeInvis +   a - +0 hand axe (venom)
rCold   . . .      Faith    .   (no shield)
rNeg    . . .      Spirit   .   b - +0 robe
rPois   +          Reflect  .   x - +0 hat
rElec   .          Harm     .   j - +0 cloak
rCorr   .          Rampage  .   (no gloves)
Will    .....                   e - +0 barding
Stlth   +++.......              (no amulet)
HPRegen 0.18/turn               (no ring)
MPRegen 0.12/turn               (no ring)

@: very slow
A: AC +2, large, see invisible, deformed body, poison resistance, slowness 2,
spit poison 1, naga tail 1
a: Spit Poison, Renounce Religion, Wall of Briars


You were on level 5 of the Dungeon.
You worshipped Fedhas.
Fedhas was pleased with you.
You visited 2 branches of the dungeon, and saw 6 of its levels.

You collected 267 gold pieces.

Inventory:

Hand Weapons
 a - a +0 hand axe of venom (weapon)
 d - a +0 war axe
 k - a +0 dagger
 l - a +0 short sword
Missiles
 f - 5 boomerangs
 o - 4 curare-tipped darts (quivered)
 r - 3 poisoned darts
Armour
 b - a +0 robe (worn)
 e - a +0 barding (worn)
 j - a +0 cloak (worn)
 x - a +0 hat (worn)
Magical Staves
 A - a staff of conjuration {!a}
 C - a staff of fire
Wands
 v - a wand of paralysis (10)
 z - a wand of roots (4)
Scrolls
 g - a scroll of enchant armour {unknown}
 h - a scroll of vulnerability {unknown}
 i - 4 scrolls of identify {unknown}
 m - a scroll of magic mapping {unknown}
 q - 3 scrolls of butterflies {unknown}
 w - 2 scrolls of teleportation {unknown}
 y - a scroll of silence {unknown}
 D - a scroll of poison {unknown}
Potions
 c - a potion of magic
 n - a potion of haste {unknown}
 p - 2 potions of attraction {unknown}
 s - 3 potions of might {unknown}
 t - a potion of degeneration {unknown}
 u - 3 potions of resistance {unknown}
 B - a potion of brilliance {unknown}


   Skills:
 - Level 1.5 Dodging
 - Level 5.0 Stealth
 - Level 3.0 Spellcasting
 - Level 5.0 Conjurations
 + Level 4.6 Summonings
 - Level 1.0 Translocations


You had 3 spell levels left.
You knew the following spells:

 Your Spells              Type           Power      Damage    Failure   Level
a - Magic Dart            Conj           64%        1d6       2%          1
b - Call Imp              Summ           15%        N/A       4%          2
d - Conjure Flame         Conj/Fire      9%         6-21      22%         3
o - Blink                 Tloc           8%         N/A       22%         2
z - Necrotise             Necr           8%         1d4       22%         1

Your spell library contained the following spells:

 Spells                   Type           Power      Damage    Failure   Level
 Slow                     Hex            8%         N/A       22%         1
 Mephitic Cloud           Conj/Pois/Air  6%         N/A       32%         3
 Lesser Beckoning         Tloc           4%         N/A       38%         3
 Vampiric Draining        Necr           2%         2d6       54%         3
 Hailstorm                Conj/Ice       9%         3d4       58%         4
 Ice Form                 Ice/Tmut       2%         N/A       91%         4
 Manifold Assault         Tloc           4%         N/A       98%         5
 Agony                    Necr           2%         N/A       99%         5
 Simulacrum               Ice/Necr       1%         N/A       100%        6


Dungeon Overview and Level Annotations

Branches:
Dungeon (5/15)             Temple (1/1) D:4

Altars:
Ashenzari
Cheibriados
Dithmenos
Elyvilon
Fedhas
Gozag
Hepliaklqana
Kikubaaqudgha
Makhleb
Nemelex Xobeh
Okawaru
Qazlal
Sif Muna
Trog
Uskayaw
Vehumet
Wu Jian
Xom
Yredelemnul
Zin
The Shining One

Shops:
D:1 *   D:3 (


Innate Abilities, Weirdness & Mutations

Your serpentine skin is tough. (AC +2)
You have supernaturally acute eyesight. (SInv)
Armour fits poorly on your strangely shaped body.
Your system is resistant to poisons. (rPois)
You cover ground very slowly.
You can spit poison.
You have a snake-like lower body.


Message History

Tha orc priest be heavily wounded.
Tha orc priest closely misses ye.
Tha ufetubus hits ye but does nay damage.
Tha ufetubus closely misses ye.
Ye barely miss tha orc priest.
Tha orc priest be heavily wounded.
Ye miss tha ufetubus.
Tha orc priest closely misses ye.
Tha ufetubus hits ye but does nay damage.
Tha ufetubus hits ye.
Tha orc priest barely misses ye.
Tha ufetubus hits ye but does nay damage. x2
Ye take 3 damage, an' haf 45/55 hp.
Ye hit tha orc priest but do nay damage.
Tha orc priest be almost dead.
Ye hit tha ufetubus.
Tha ufetubus be poison'd.
Ye hit tha orc.
Tha ufetubus hits ye.
Tha ufetubus barely misses ye.
Tha orc priest closely misses ye.
Tha orc hits ye wit' a +4 flail.
Tha ufetubus barely misses ye.
Tha ufetubus hits ye.
Ye take 6 damage, an' haf 39/55 hp.
Ye closely miss tha orc priest.
Tha orc priest be almost dead.
Ye hit tha orc but do nay damage.
Tha orc be poison'd.
Ye miss tha ufetubus.
Tha ufetubus hits ye but does nay damage.
Tha ufetubus closely misses ye.
Tha orc barely misses ye.
Tha orc priest closely misses ye.
Tha ufetubus hits ye.
Tha ufetubus misses ye.
Ye take 1 damage, an' haf 38/55 hp.
Ye hit tha orc priest but do nay damage.
Tha orc priest looks ev'n sicker.
Tha orc priest be almost dead.
Ye closely miss tha ufetubus.
Ye hit tha orc but do nay damage.
Tha orc looks as sick as possible!
Tha ufetubus hits ye but does nay damage.
Tha ufetubus barely misses ye.
Tha orc hits ye wit' a +4 flail!
Tha orc priest hits ye but does nay damage.
Tha ufetubus hits ye but does nay damage. x2
Tha orc priest invokes tha aid o' Beogh against ye.
Beogh smites ye!
Tha orc hits ye wit' a +4 flail.
* * * LOW HITPOINT WARNIN'
* * * Tha ogre hits ye wit' a +0 giant club!!
Ye die...
Fedhas appreciates yer contribution ta tha ecosystem.

#......# ##
#......# ..
#......# ##.###
#......##.....
#......#.....
#......#.#..#
#......#.#..#####
#......'O#5......
##......#.@o..#
#...#####.#o..#
#.### #$#..##
#.#######.#..#
#.)...<##.#..#
####..######....#
#.....# #...##
#.##..# #..##
#...#.# ...


You could see an ogre, an orc priest (very poisoned), an orc (extremely
poisoned) and an ufetubus (very poisoned).

Vanquished Creatures
  An ogre (D:5)
  2 scorpions (D:5)
  A jelly (D:5)
  A hound (D:5)
  An iguana (D:4)
  An orc wizard (D:5)
  5 adders
  An ufetubus (D:4)
  2 worms
  A dart slug (D:4)
  2 orcs
  4 ball pythons
  5 endoplasms
  A giant cockroach (D:2)
  5 hobgoblins
  3 quokkas
  A bat (D:2)
  4 frilled lizards
  3 goblins (D:2)
  5 kobolds
  4 rats
53 creatures vanquished.

Vanquished Creatures (collateral kills)
  A black bear (D:4)
1 creature vanquished.

Grand Total: 54 creatures vanquished

Notes
Turn   | Place    | Note
-------+----------+-------------------------------------------
     0 | D:1      | ProzacElf the Naga Hedge Wizard began the quest for the
                  | Orb.
     0 | D:1      | Reached XP level 1. HP: 15/15 MP: 4/4
   288 | D:1      | Found Hyaral's General Store.
   448 | D:1      | Found a faded altar of an unknown god.
   456 | D:1      | Prayed at the altar of an unknown god.
   456 | D:1      | Became a worshipper of Fedhas Madash
   456 | D:1      | Reached * piety under Fedhas
  1002 | D:2      | Reached XP level 2. HP: 22/22 MP: 1/6
  1177 | D:2      | Learned a level 2 spell: Blink
  1180 | D:2      | Learned a level 2 spell: Call Imp
  1192 | D:2      | Learned a level 1 spell: Necrotise
  1987 | D:2      | Reached XP level 3. HP: 25/28 MP: 7/7
  2232 | D:2      | Reached skill level 5 in Stealth
  2243 | D:2      | Reached XP level 4. HP: 36/36 MP: 8/8
  2903 | D:3      | Reached ** piety under Fedhas
  3118 | D:3      | Identified the +10 spear of Sequestration {vorpal, Dex+4}
  3126 | D:3      | Found Tovoekle's Weapon Shoppe.
  3165 | D:3      | Found a shimmering blue altar of Sif Muna.
  3759 | D:4      | Noticed a black bear
  3770 | D:4      | Killed a black bear
  3771 | D:4      | Reached XP level 5. HP: 19/42 MP: 5/9
  3939 | D:4      | Found a staircase to the Ecumenical Temple.
  3969 | Temple   | Entered the Ecumenical Temple
  3969 | Temple   | Found a transporter.
  3969 | Temple   | Found a transporter.
  3971 | Temple   | Found a transporter.
  3971 | Temple   | Found a transporter.
  4134 | D:4      | Learned a level 3 spell: Conjure Flame
  4578 | D:5      | Entered Level 5 of the Dungeon
  4645 | D:5      | Reached XP level 6. HP: 39/49 MP: 10/10
  4772 | D:5      | Reached skill level 5 in Conjurations
  4772 | D:5      | Reached XP level 7. HP: 22/55 MP: 11/11
  5204 | D:5      | Mangled by an ogre

Illustrated notes

Levels and vault maps discovered:
D:1:      eino_arrival_tree_alley, layout_loops_corners, serial_shops,
          nicolae_shop_crystal, basic_ecumenical_altar
D:2:      layout_basic
D:3:      layout_basic, lemuel_blue_sif_altar, serial_shops, shop_fountains
D:4:      layout_basic, minmay_temple_entry_statues_pillars
D:5:      layout_basic
Temple:   hellmonk_temple_divided_pantheon

Skill      XL: |  1  2  3  4  5  6 |
---------------+-------------------+-----
Stealth        | 4 5 |  5.0
Conjurations   | 2 3 4 5 |  5.0
Summonings     | 2 3 4 |  4.6
Dodging        | |  1.5
Spellcasting   | |  3.0
Translocations | |  1.0

Action                   |  1- 3 |  4- 6 |  7- 9 || total
-------------------------+-------+-------+-------++-------
Melee: Dagger            |    22 |       |       ||    22
       Short sword       |    25 |       |       ||    25
       Hand axe          |    20 |    79 |    18 ||   117
Throw: Dart              |     3 |       |       ||     3
 Cast: Magic Dart        |    26 |       |       ||    26
       Call Imp          |     2 |     1 |       ||     3
       Necrotise         |     5 |     6 |       ||    11
 Abil: Spit Poison       |     3 |     8 |     2 ||    13
 Stab: Sleeping          |     4 |     2 |       ||     6
Armor: Robe              |    32 |    64 |    17 ||   113
Dodge: Dodged            |    32 |    47 |    14 ||    93
